 Dungeon Crawl Stone Soup version 0.31-a0-557-g6e16503903 (webtiles) character file.

Game seed: 11414463554807976590

605 Maratek the Chopper (level 7, -6/43 HPs)
             Began as an Octopode Fighter on Aug 16, 2023.
             Was a Follower of Hepliaklqana.
             Mangled by an orc
             ... wielding a +0 flail
              (8 damage)
             ... on level 5 of the Dungeon.
             The game lasted 00:07:25 (4665 turns).

Maratek the Chopper (Octopode Fighter)              Turns: 4665, Time: 00:07:26

Health: -6/43      AC:  1    Str: 17    XL:     7   Next: 42%
Magic:  7/7        EV: 14    Int: 10    God:    Hepliaklqana [*.....]
Gold:   176        SH:  5    Dex: 12    Spells: 6/6 levels left

rFire   . . .        a - +0 war axe
rCold   . . .        b - +0 buckler
rNeg    . . .        (helmet restricted)
rPois   .            (no amulet)
rElec   .            (no ring)
rCorr   .            (no ring)
SInv    .            (no ring)
Will    .....        (no ring)
Stlth   ++++         (no ring)
HPRegen 0.27/turn    (no ring)
MPRegen 0.10/turn    (no ring)
                     (no ring)

%: no passive effects
@: about to teleport
A: reduced essence, almost no armour, amphibious, 8 rings, camouflage 1,
gelatinous body 1, (nimble swimmer 1), tentacles
a: Renounce Religion, Recall Ancestor, Ancestor Identity


You were on level 5 of the Dungeon.
You worshipped Hepliaklqana.
Hepliaklqana was aware of your devotion.
You visited 2 branches of the dungeon, and saw 6 of its levels.

You collected 176 gold pieces.

Inventory:

Hand Weapons
 a - a +0 war axe (weapon)
Armour
 b - a +0 buckler (worn)
Jewellery
 t - a ring of wizardry
Scrolls
 e - a scroll of amnesia {unknown}
 g - 4 scrolls of identify {unknown}
 h - a scroll of poison {unknown}
 i - 3 scrolls of teleportation
 l - a scroll of blinking {unknown}
 m - a scroll of immolation {unknown}
 q - a scroll of vulnerability {unknown}
 u - a scroll of silence {unknown}
Potions
 c - a potion of might
 d - 2 potions of invisibility {unknown}
 f - 3 potions of curing {unknown}
 j - a potion of haste {unknown}
 k - a potion of magic {unknown}
 n - a potion of cancellation {unknown}
 o - 2 potions of heal wounds {unknown}
 p - a potion of lignification {unknown}
 r - a potion of attraction {unknown}
 s - a potion of mutation {unknown}
 v - 2 potions of berserk rage {unknown}


   Skills:
 + Level 4.3 Fighting
 + Level 4.8 Axes
 + Level 4.5 Dodging
 + Level 4.4 Stealth
 + Level 4.0 Shields


You had 6 spell levels left.
You didn't know any spells.
Your spell library contained the following spells:

 Spells                   Type           Power      Damage    Failure   Level
 Kiss of Death            Conj/Necr      0%         2d5       43%         1
 Magic Dart               Conj           0%         1d3       43%         1
 Call Imp                 Summ           0%         N/A       58%         2
 Scorch                   Fire           0%         2d5       58%         2
 Confusing Touch          Hex            0%         N/A       82%         3
 Mephitic Cloud           Conj/Pois/Air  0%         N/A       82%         3
 Dispel Undead            Necr           0%         3d6       99%         4
 Flame Wave               Conj/Fire      0%         2d4       99%         4
 Summon Cactus Giant      Summ           0%         N/A       100%        6


Dungeon Overview and Level Annotations

Branches:
Dungeon (5/15)             Temple (1/1) D:4

Altars:
Ashenzari
Cheibriados
Elyvilon
Gozag
Hepliaklqana
Kikubaaqudgha
Nemelex Xobeh
Okawaru
Qazlal
Ru
Sif Muna
Uskayaw
Wu Jian
Xom
Yredelemnul
Zin

Annotations:
D:5 Pikel


Innate Abilities, Weirdness & Mutations

Your life essence is reduced to manifest your ancestor. (-10% HP)
You cannot wear most types of armour.
You are amphibious.
You can wear up to eight rings at the same time.
Your skin changes colour to match your surroundings (Stealth+).
Your rubbery body absorbs attacks. (AC +1, EV +1)
((You are camouflaged when in or above water. (Stealth+)))
You have tentacles for arms and can constrict up to eight enemies at once.


Message History

An orc comes into view. It is wielding a +0 whip.
You feel sick.
An orc comes into view. It is wielding a +0 trident.
The orc moves out of view.
Things that are here:
a +2 trident of venom; a +0 leather armour; an orc corpse You feel sick.
An orc comes into view. It is wielding a +0 club.
You feel sick.
The orc moves out of view.
You feel sick.
The orc shouts!
You hear a shout!
An orc comes into view. It is wielding a +0 war axe.
An orc comes into view. It is wielding a +0 flail.
You feel sick.
You feel sick.
You are no longer poisoned.
An orc priest comes into view. It is wielding a +0 dagger.
A scorpion comes into view.
The orc misses you.
The orc priest calls down the wrath of Beogh upon you.
Beogh smites you!
You hit the orc. You grab the orc. You squeeze the orc.
You kill the orc!
You closely miss the orc.
The orc unwields a +0 trident.
The orc wields a +0 shortbow.
The orc shoots an arrow.
The arrow misses you. The orc closely misses you. x2
An orc wizard comes into view. It is wielding a +0 dagger.
The orc wizard shouts!
The orc unwields a +0 shortbow.
The orc wields a +0 trident.
You block the orc's attack. The orc hits you with a +0 flail!
* * * LOW HITPOINT WARNING * * *
The orc priest hits you with a +0 dagger.
* * * LOW HITPOINT WARNING * * *
Things that are here:
a +0 whip; an orc corpse
As you read the scroll of teleportation, it crumbles to dust.
You feel strangely unstable.
The scorpion stings you but does no damage.
The orc misses you. The orc hits you with a +0 flail!
You die...

...## .## #
.....####..##... ..
....... .......# ...
.......##..##.$###..#
#......<........o..#
#..............#...
..............R..
?...........##s###
.##........)...@o#
##......†#..#ooo.....
##.....###.##.......
#....## ### #.##o..
#....... ## ..
.......### .
.....#### .##.# ##


You could see the friendly Wilfreda the ancestor, a scorpion (ally target), an
orc priest, an orc wizard and 3 orcs.

Vanquished Creatures
  Sigmund (D:2)
  2 lemures (D:4)
  A phantom (D:4)
  A hound (D:4)
  Jessica (D:2)
  Natasha (thrice) (D:2)
  An iguana (D:5)
  Robin (D:2)
  7 gnolls
  4 adders
  A shadow imp (D:4)
  A white imp (D:4)
  An ufetubus (D:4)
  2 dart slugs
  3 orcs
  3 bats
  6 endoplasms
  4 giant cockroaches
  13 goblins
  5 hobgoblins
  2 jackals (D:4)
  A quokka (D:2)
  4 ball pythons
  2 frilled lizards
  7 kobolds
  3 rats (D:1)
80 creatures vanquished.

Vanquished Creatures (others)
  A goblin (D:2)
1 creature vanquished.

Grand Total: 81 creatures vanquished

Notes
Turn   | Place    | Note
-------+----------+-------------------------------------------
     0 | D:1      | Maratek the Octopode Fighter began the quest for the Orb.
     0 | D:1      | Reached XP level 1. HP: 16/16 MP: 1/1
    57 | D:1      | Found a faded altar of an unknown god.
   224 | D:1      | Reached XP level 2. HP: 13/21 MP: 2/2
  1084 | D:2      | Noticed Sigmund
  1111 | D:2      | Killed Sigmund
  1112 | D:2      | Reached XP level 3. HP: 20/27 MP: 3/3
  1112 | D:2      | Reached XP level 4. HP: 25/33 MP: 4/4
  1112 | D:2      | Reached XP level 5. HP: 28/37 MP: 5/5
  1385 | D:2      | Noticed Robin
  1406 | D:2      | Killed Robin
  1780 | D:2      | Noticed Natasha
  1791 | D:2      | Killed Natasha
  1792 | D:2      | Reached XP level 6. HP: 41/43 MP: 6/6
  1794 | D:2      | Noticed Natasha
  1803 | D:2      | Killed Natasha
  2138 | D:2      | Noticed Jessica
  2144 | D:2      | Killed Jessica
  2448 | D:2      | Noticed Natasha
  2453 | D:2      | Killed Natasha
  2925 | D:3      | Found a stormy altar of Qazlal.
  2962 | D:3      | Found an opulent altar of Gozag.
  3244 | D:4      | Found a staircase to the Ecumenical Temple.
  3263 | Temple   | Entered the Ecumenical Temple
  3313 | Temple   | Became a worshipper of Hepliaklqana the Forgotten
  3453 | D:4      | Reached XP level 7. HP: 48/48 MP: 7/7
  3994 | D:4      | Found a shimmering altar of Xom.
  4155 | D:4      | Found a sparkling altar of Nemelex Xobeh.
  4425 | D:5      | Entered Level 5 of the Dungeon
  4425 | D:5      | Noticed Pikel
  4425 | D:5      | Reached * piety under Hepliaklqana
  4664 | D:5      | HP: 2/43 [orc priest/+0 dagger (3)]
  4665 | D:5      | Mangled by an orc

Illustrated notes

Levels and vault maps discovered:
D:1:      mushboom_english_gardens, layout_loops_corners,
          ebering_ecumenical_altar_webs, minmay_hedge_maze
D:2:      layout_loops_ring, uniq_natasha, uniq_jessica, uniq_robin,
          uniq_sigmund
D:3:      layout_rooms, mainiacjoe_overflow_big_doors, serial_corexii_hall,
          corexii_hall_statues_i, chequers_hall_statues_corner_a
D:4:      layout_basic, nemelex_spade_bored_becter, amcnicky_altar_gilded,
          minmay_temple_entry_mist, nicolae_eternal_life, corner_web_ring
D:5:      layout_cave_pools, tso_altar, ebering_ghost_rock_garden, uniq_edmund,
          uniq_eustachio, uniq_pikel
Temple:   minmay_temple_bridge_abc

Skill      XL: |  1  2  3  4  5  6  7 |
---------------+----------------------+-----
Axes           | 3 4 |  4.8
Stealth        | 2 3 4 |  4.4
Dodging        | 4 |  4.5
Fighting       | 4 |  4.3
Shields        | 4 |  4.0

Action                     |  1- 3 |  4- 6 |  7- 9 || total
---------------------------+-------+-------+-------++-------
  Melee: War axe           |   147 |    93 |    40 ||   280
         Constrict         |     8 |    28 |     9 ||    45
         Tentacles         |    48 |    19 |     8 ||    75
         Punch             |     4 |       |       ||     4
    Use: Scroll            |       |     1 |     1 ||     2
   Stab: Sleeping          |     2 |     9 |     1 ||    12
         Distracted        |       |       |     1 ||     1
 Armour: Skin              |     3 |     9 |     1 ||    13
  Dodge: Dodged            |    19 |    68 |    36 ||   123
  Block: Buckler           |     6 |    14 |    16 ||    36

Table legend: (Time is in decaauts)
 A = Elapsed time spent in this place.
 B = Non-inter-level travel time spent in this place.
 C = Inter-level travel time spent in this place.
 D = Time resting spent in this place.
 E = Time spent auto-exploring this place.
 F = Levels seen in this place.
 G = Mean time per level.
                   A        B        C        D        E       F      G
               +--------+--------+--------+--------+--------+-----+--------+
         Total |   4772 |   4618 |    154 |    958 |   2680 |   6 |  795.3 |
       Dungeon |   4700 |   4567 |    133 |    958 |   2680 |   5 |  940.0 |
        Temple |     71 |     50 |     21 |      0 |      0 |   1 |   71.0 |
               +--------+--------+--------+--------+--------+-----+--------+

Top non-repeatable levels by time:
     D:2: 1565 daAuts
     D:4: 1337 daAuts
     D:1: 1098 daAuts
     D:3: 670 daAuts
  Temple: 71 daAuts
     D:5: 28 daAuts
